 Dungeon Crawl Stone Soup version 0.30-a0-377-g5cb311bc9f (console) character file.

Game seed: 13499910282342399642

261 rlgrobin the Vexing (level 5, -1/27 HPs)
             Began as a Deep Elf Chaos Knight on Nov 28, 2022.
             Was a Plaything of Xom.
             Slain by a gnoll
             ... wielding a +0 halberd
             ... led by a gnoll bouda
              (10 damage)
             ... on level 4 of the Dungeon.
             The game lasted 00:09:17 (2770 turns).

rlgrobin the Vexing (Deep Elf Chaos Knight)         Turns: 2770, Time: 00:09:18

Health: -1/27      AC:  5    Str:  5 (7)  XL:     5   Next: 96%
Magic:  5/12       EV: 11    Int: 17 (19) God:    Xom [.*....]
Gold:   99         SH:  3    Dex: 14      Spells: 9/11 levels left

rFire   . . .      SeeInvis .    a - +0 short sword (chaos)
rCold   . . .      Faith    .    i - +0 buckler
rNeg    + . .      Spirit   .    b - +2 leather armour
rPois   .          Reflect  .    (no helmet)
rElec   .          Harm     .    (no cloak)
rCorr   .          Rampage  .    (no gloves)
Will    .....                    (no boots)
Stlth   ++........               (no amulet)
HPRegen 0.24/turn                j - ring of positive energy
MPRegen 0.13/turn                (no ring)

@: very slightly contaminated
A: deterioration 1, frail 1, weak 1
a: Renounce Religion


You were on level 4 of the Dungeon.
You worshipped Xom.
You were a plaything of Xom.
You visited 1 branch of the dungeon, and saw 4 of its levels.

You collected 127 gold pieces.
You spent 28 gold pieces at shops.

Inventory:

Hand Weapons
 a - a +0 short sword of chaos (weapon)
 h - a +2 short sword of protection
 l - a +0 dagger
Missiles
 d - 6 poisoned darts (quivered)
Armour
 b - a +2 leather armour (worn)
 i - a +0 buckler (worn)
Jewellery
 j - a ring of positive energy (left hand)
Wands
 s - a wand of digging (2)
Scrolls
 f - 3 scrolls of immolation
 g - a scroll of teleportation {unknown}
 k - a scroll of vulnerability {unknown}
 m - 2 scrolls of identify
 o - a scroll of magic mapping {unknown}
 p - a scroll of fear {unknown}
 q - a scroll of enchant armour {unknown}
Potions
 e - 2 potions of brilliance
 n - 2 potions of resistance
 r - a potion of curing {unknown}
Miscellaneous
 c - a piece from Xom's chessboard (15/15)


   Skills:
 - Level 2.4 Fighting
 - Level 3.4 Short Blades
 - Level 0.7 Armour
 - Level 2.4 Dodging
 + Level 3.3 Stealth
 - Level 3.8 Spellcasting
 + Level 4.5 Hexes
 - Level 1.1 Ice Magic


You had 9 spell levels left.
You knew the following spells:

 Your Spells              Type           Power      Damage    Failure   Level
a - Ensorcelled Hibernat  Hex/Ice        24%        N/A       17%         2

Your spell library contained the following spells:

 Spells                   Type           Power      Damage    Failure   Level
 Scorch                   Fire           6%         2d5       50%         2
 Ozocubu's Armour         Ice            7%         N/A       56%         3
 Spider Form              Tmut/Pois      3%         N/A       73%         3
 Anguish                  Hex/Necr       5%         N/A       82%         4
 Flame Wave               Conj/Fire      3%         2d5       98%         4
 Borgnjor's Vile Clutch   Necr/Erth      1%         N/A       100%        5
 Summon Cactus Giant      Summ           1%         N/A       100%        6
 Ozocubu's Refrigeration  Ice            3%         4d8       100%        7
 Infestation              Necr           1%         N/A       100%        8


Dungeon Overview and Level Annotations

Branches:
Dungeon (4/15)
 Temple: D:4-7

Altars:
Fedhas
Gozag
Sif Muna

Shops:
D:1 [   D:2 ?

Annotations:
D:3 1 runed translucent door, SlaveLabor's ghost, amateur DEIE


Innate Abilities, Weirdness & Mutations

Your body sometimes deteriorates upon taking damage.
You are frail. (-10% HP)
You are weak. (Str -2)


Message History

Confirm with . or Enter, or press ? or * to list all spells.
Aiming: Ensorcelled Hibernation (safe; 16% risk of failure)
Press: ? - help, Shift-Dir - straight line, f - gnoll
Aim: a gnoll, wielding a +0 spear (chance to affect: 55%)
The gnoll looks drowsy...
The helpless gnoll fails to defend itself.
You puncture the gnoll!
You kill the gnoll!
You start resting.
A gnoll bouda is nearby!
Casting: Ensorcelled Hibernation (safe; 16% risk of failure)
Confirm with . or Enter, or press ? or * to list all spells.
Aiming: Ensorcelled Hibernation (safe; 16% risk of failure)
Press: ? - help, Shift-Dir - straight line, f - gnoll bouda
Aim: a gnoll bouda, wielding a +0 club and wearing a +0 leather armour (chance to affect: 47%)
You miscast Ensorcelled Hibernation.
You are very lightly contaminated with residual magic.
Nothing appears to happen.
The gnoll bouda barks out a call to the hunt!
The gnoll hits you from afar with a +0 halberd.
Your body deteriorates!
You feel weakened.
Casting: Ensorcelled Hibernation (safe; 16% risk of failure)
Confirm with . or Enter, or press ? or * to list all spells.
Aiming: Ensorcelled Hibernation (safe; 16% risk of failure)
Press: ? - help, Shift-Dir - straight line, f/p - gnoll bouda
Aim: a gnoll bouda, wielding a +0 club and wearing a +0 leather armour (chance to affect: 47%)
The gnoll bouda resists with some effort.
The gnoll bouda hits you with a +0 club.
The gnoll hits you from afar with a +0 halberd!
Your body deteriorates!
You feel dopey.
The gnoll bouda attacks as you move away!
The gnoll bouda hits you with a +0 club.
Casting: Ensorcelled Hibernation (safe; 17% risk of failure)
Confirm with . or Enter, or press ? or * to list all spells.
Aiming: Ensorcelled Hibernation (safe; 17% risk of failure)
Press: ? - help, Shift-Dir - straight line, f/p - gnoll bouda
Aim: a gnoll bouda, wielding a +0 club and wearing a +0 leather armour (chance to affect: 46%)
The gnoll bouda looks drowsy...
The gnoll hits you from afar with a +0 halberd!
You die...

#.# #..# #.#
##.### #.# #...#
#.# #.#.## ..
#.#..# ## #.##.# .
#.##.######...
#.##.##.....#
#.##.@..#
#.####g.#######
.###.#####g.......
.....$g....#######
.###..###### #.g.
#.g #. #


You could see a gnoll bouda (asleep) and a gnoll (swift).

Vanquished Creatures
  A floating eye (shapeshifter) (D:2)
  3 gnolls
  4 adders
  2 worms
  7 dart slugs
  2 orcs (D:3)
  7 ball pythons
  2 endoplasms
  4 giant cockroaches
  A goblin (D:1)
  7 hobgoblins
  6 jackals
  4 quokkas
  8 bats
  2 frilled lizards
  5 kobolds
  12 rats
77 creatures vanquished.

Notes
Turn   | Place    | Note
-------+----------+-------------------------------------------
     0 | D:1      | rlgrobin the Deep Elf Chaos Knight began the quest for the
                  | Orb.
     0 | D:1      | Reached XP level 1. HP: 13/13 MP: 3/3
    28 | D:1      | Reached skill level 1 in Stealth
   139 | D:1      | Reached XP level 2. HP: 18/18 MP: 4/4
   426 | D:1      | XOM: 1-stop teleportation journey
   432 | D:1      | Reached XP level 3. HP: 21/22 MP: 5/5
   487 | D:1      | Learned a level 2 spell: Ensorcelled Hibernation
   541 | D:1      | XOM: 2-stop teleportation journey
   550 | D:1      | Found Ficlinof's Antique Armour Boutique.
   752 | D:1      | Reached skill level 1 in Spellcasting
   752 | D:1      | Reached skill level 1 in Hexes
   882 | D:2      | Found Huyv's Magic Scroll Shop.
   891 | D:2      | Bought a scroll of identify for 28 gold pieces
   902 | D:2      | XOM: 6-stop teleportation journey
  1058 | D:2      | Reached XP level 4. HP: 27/27 MP: 8/8
  1068 | D:2      | a quokka changed into a glowing shapeshifter
  1068 | D:2      | Noticed a glowing shapeshifter (glowing shapeshifter)
  1068 | D:2      | a glowing shapeshifter changed into a swamp dragon
  1068 | D:2      | Noticed a swamp dragon (glowing shapeshifter)
  1072 | D:2      | a swamp dragon changed into a glowing shapeshifter
  1072 | D:2      | Noticed a glowing shapeshifter (glowing shapeshifter)
  1072 | D:2      | a glowing shapeshifter changed into a manticore
  1072 | D:2      | Noticed a manticore (glowing shapeshifter)
  1073 | D:2      | a manticore changed into a mana viper
  1073 | D:2      | Noticed a mana viper (glowing shapeshifter)
  1075 | D:2      | a mana viper changed into a floating eye
  1075 | D:2      | Noticed a floating eye (glowing shapeshifter)
  1076 | D:2      | XOM: silly message
  1077 | D:2      | Killed a floating eye
  1078 | D:2      | Reached skill level 3 in Hexes
  1078 | D:2      | Reached XP level 5. HP: 25/31 MP: 8/12
  1775 | D:3      | XOM: 1-stop teleportation journey
  1780 | D:3      | Got the Anthology of Black Rites
  1810 | D:3      | XOM: give mutations
  1810 | D:3      | Gained mutation: Your body sometimes deteriorates upon
                  | taking damage. [Xom's mischief]
  1810 | D:3      | Gained mutation: You are weak. (Str -2) [Xom's mischief]
  1810 | D:3      | Gained mutation: You are frail. (-10% HP) [Xom's mischief]
  1939 | D:3      | Found a runed translucent door.
  1940 | D:3      | Noticed SlaveLabor's ghost (amateur DEIE)
  2133 | D:3      | Reached skill level 4 in Hexes
  2334 | D:3      | Found a blossoming altar of Fedhas.
  2335 | D:3      | Found an opulent altar of Gozag.
  2414 | D:3      | Found a shimmering blue altar of Sif Muna.
  2518 | D:3      | Reached skill level 1 in Ice Magic
  2770 | D:4      | Slain by a gnoll

Illustrated notes

Levels and vault maps discovered:
D:1:      sevenhm_arrival_forest_fort_small_3, layout_rooms, serial_shops,
          nicolae_shop_behind_doors
D:2:      layout_rooms, serial_shops, shop, nrook_mini_vaults,
          minmay_misc_feat_square
D:3:      layout_loops_corners, nicolae_sif_muna_little_library,
          amethyst_overflow_temple_binary, ebering_ghost_inner_flame,
          st_stairs_5, minmay_misc_feat_five
D:4:      layout_rooms, kennysheep_mini_moat

Skill      XL: |  1  2  3  4  5 |
---------------+----------------+-----
Stealth        | 2 3 |  3.3
Spellcasting   | 1 3 |  3.8
Hexes          | 1 3 4 |  4.5
Ice Magic      | 1 |  1.1
Fighting       | |  2.4
Short Blades   | |  3.4
Armour         | |  0.7
Dodging        | |  2.4

Action                   |  1- 3 |  4- 6 || total
-------------------------+-------+-------++-------
Melee: Short sword       |   149 |   130 ||   279
Throw: Dart              |     4 |     3 ||     7
 Cast: Ensorcelled Hiber |       |     7 ||     7
  Use: Scroll            |     2 |       ||     2
 Stab: Sleeping          |     4 |     7 ||    11
       Confused          |       |     1 ||     1
Armor: Leather armour    |    52 |    28 ||    80
Dodge: Dodged            |    93 |    66 ||   159
Block: Buckler           |     9 |    20 ||    29

Table legend: (Time is in decaauts)
 A = Elapsed time spent in this place.
 B = Non-inter-level travel time spent in this place.
 C = Inter-level travel time spent in this place.
 D = Time resting spent in this place.
 E = Time spent auto-exploring this place.
 F = Levels seen in this place.
 G = Mean time per level.
                   A        B        C        D        E       F      G
               +--------+--------+--------+--------+--------+-----+--------+
         Total |   2732 |   2647 |     85 |    205 |   1728 |   4 |  683.0 |
       Dungeon |   2732 |   2647 |     85 |    205 |   1728 |   4 |  683.0 |
               +--------+--------+--------+--------+--------+-----+--------+

Top non-repeatable levels by time:
     D:3: 1012 daAuts
     D:1: 813 daAuts
     D:2: 738 daAuts
     D:4: 167 daAuts
